 Dungeon Crawl Stone Soup version 0.20.1-1-g8b1a95d (webtiles) character file.

151 RubyRose the Magician (level 5, 0/28 HPs)
             Began as a Deep Elf Fire Elementalist on Dec 8, 2017.
             Killed by divine providence
             ... invoked by an orc priest
              (11 damage)
             ... on level 3 of the Dungeon.
             The game lasted 00:12:43 (3313 turns).

RubyRose the Magician (Deep Elf Fire Elementalist)  Turns: 3313, Time: 00:12:44

Health: 0/28       AC:  4    Str:  5      XL:     5   Next: 10%
Magic:  4/13       EV: 12    Int: 21      God:
Gold:   95         SH:  0    Dex: 14 (15) Spells: 9/12 levels left

rFire    . . .     SeeInvis .   d - +0 short sword
rCold    . . .     Gourm    .   (no shield)
rNeg     . . .     Faith    .   o - +1 leather armour
rPois    .         Spirit   .   (no helmet)
rElec    .         Reflect  .   (no cloak)
rCorr    .         Harm     .   (no gloves)
MR       .....                  (no boots)
Stlth    ++........             (no amulet)
Regen    0.1/turn               (no ring)
MPRegen  0.2/turn               (no ring)

@: very slightly contaminated
A: no striking features
a: no special abilities


You were on level 3 of the Dungeon.
You were not hungry.

You visited 1 branch of the dungeon, and saw 3 of its levels.

You collected 95 gold pieces.

Inventory:

Hand Weapons
 d - a +0 short sword (weapon)
Armour
 a - a +0 robe
 e - a +0 leather armour
 k - a +0 ring mail
 o - a +1 leather armour (worn)
Scrolls
 g - a scroll of magic mapping
 i - a scroll of identify
 l - 2 scrolls of teleportation
Potions
 f - 2 potions of degeneration
 h - a potion of brilliance
 j - a potion of curing
Books
 b - a book of Flames

   Spells                             Type                      Level
   a - Flame Tongue                   Conjuration/Fire             1
   b - Throw Flame                    Conjuration/Fire             2
   c - Conjure Flame                  Conjuration/Fire             3
   d - Inner Flame                    Hexes/Fire                   3
   e - Sticky Flame                   Conjuration/Fire             4
   f - Fireball                       Conjuration/Fire             5
Comestibles
 c - a bread ration
 m - a meat ration


   Skills:
 + Level 0.4 Short Blades
 + Level 1.1 Armour
 + Level 2.6 Dodging
 + Level 2.9 Stealth
 + Level 4.4 Spellcasting
 + Level 2.4 Conjurations
 + Level 4.4 Fire Magic


You had 9 spell levels left.
You knew the following spells:

 Your Spells              Type           Power        Failure   Level  Hunger
a - Flame Tongue          Conj/Fire      ###..        4%          1    None
b - Throw Flame           Conj/Fire      ###...       7%          2    #......


Dungeon Overview and Level Annotations

Branches:
Dungeon (3/15)

Altars:
Cheibriados
Dithmenos
Okawaru
Trog


Message History

The orc priest hits you. The orc hits you with a short sword.
Casting: Flame Tongue
Confirm with . or Enter, or press ? or * to list all spells.
Aiming: Flame Tongue
Press: ? - help, Shift-Dir - straight line, f/p - orc priest
Aim: an orc priest (lightly wounded)
The flame tongue hits the orc priest.
The orc priest is almost dead.
The orc priest misses you. The orc closely misses you.
Casting: Flame Tongue
Confirm with . or Enter, or press ? or * to list all spells.
Aiming: Flame Tongue
Press: ? - help, Shift-Dir - straight line, f/p - orc priest
Aim: an orc priest (almost dead)
You miscast Flame Tongue.
You are very lightly contaminated with residual magic.
Nothing appears to happen.
The orc priest calls down the wrath of Beogh upon you.
Beogh smites you!
You die...

#'###.###.#######
#.# ...##.....#
#.## ...########
#..# ...# #..#
...# #####.##
...# #...#..#
...# #...#..#
...# ###.....>#
...# #.)@.#####
...# ##oo## ####
..._. ......#.
#..#...#.#
#......# .
#.#..... ## #
#.#...


You could see an orc priest and an orc.

Vanquished Creatures
  2 orc priests (D:3)
  4 adders (D:2)
  An ooze (D:3)
  A dart slug (D:3)
  2 leopard geckos
  2 orcs (D:3)
  A giant cockroach (D:1)
  4 goblins
  8 hobgoblins
  3 jackals (D:3)
  2 kobolds
  A quokka (D:3)
  7 bats
  6 frilled lizards
  6 rats
50 creatures vanquished.

Notes
Turn   | Place    | Note
-------+----------+-------------------------------------------
     0 | D:1      | RubyRose the Deep Elf Fire Elementalist began the quest for the Orb.
     0 | D:1      | Reached XP level 1. HP: 10/10 MP: 6/6
   210 | D:1      | Reached XP level 2. HP: 13/15 MP: 2/8
   714 | D:2      | Found a snail-covered altar of Cheibriados.
   779 | D:2      | Learned a level 1 spell: Flame Tongue
   790 | D:2      | Reached XP level 3. HP: 19/19 MP: 5/10
  1670 | D:2      | Learned a level 2 spell: Throw Flame
  1975 | D:2      | Reached XP level 4. HP: 24/24 MP: 7/12
  2189 | D:2      | Found a bloodstained altar of Trog.
  2189 | D:2      | Found a shadowy altar of Dithmenos.
  3299 | D:3      | Found an iron altar of Okawaru.
  3308 | D:3      | Reached skill level 1 in Armour
  3308 | D:3      | Reached XP level 5. HP: 4/28 MP: 6/13
  3313 | D:3      | Killed from afar by an orc priest

Skill      XL: |  1  2  3  4 |
---------------+-------------+-----
Fire Magic     | 4 |  4.4
Spellcasting   | 4 |  4.4
Conjurations   | 2 |  2.4
Armour         | 1 |  1.1
Short Blades   | |  0.4
Dodging        | |  2.6
Stealth        | |  2.9

Action                   |  1- 3 |  4- 6 || total
-------------------------+-------+-------++-------
Melee: Short sword       |     3 |    11 ||    14
 Cast: Flame Tongue      |    62 |    34 ||    96
       Throw Flame       |     2 |     2 ||     4
  Use: Scroll            |     4 |     2 ||     6
       Potion            |     1 |     7 ||     8
  Eat: Bread ration      |     2 |       ||     2
Armor: Robe              |     1 |       ||     1
       Leather armour    |     5 |     5 ||    10
Dodge: Dodged            |    16 |    10 ||    26
